 Dungeon Crawl Stone Soup version 0.27-a0-1196-g3e9cee4cb2 (webtiles) character file.

Game seed: 5149957604370486312

93 lightspider the Conjurer (level 4, -17/35 HPs)
             Began as a Draconian Conjurer on May 30, 2021.
             Demolished by an orc
             ... wielding a +0 dagger of electrocution
              (18 damage)
             ... on level 4 of the Dungeon.
             The game lasted 00:12:48 (2920 turns).

lightspider the Conjurer (Draconian Conjurer)       Turns: 2920, Time: 00:12:49

Health: -17/35     AC:  5    Str: 16    XL:     4   Next: 37%
Magic:  7/7        EV: 12    Int: 22    God:
Gold:   130        SH:  0    Dex: 10    Spells: 5/8 levels left

rFire    . . .     SeeInvis .   j - staff of cold
rCold    + . .     Faith    .   (no shield)
rNeg     . . .     Spirit   .   (armour unavailable)
rPois    .         Reflect  .   (helmet restricted)
rElec    .         Harm     .   (no cloak)
rCorr    .         Rampage  .   (no gloves)
Will     .....                  (no boots)
Stlth    ++........             (no amulet)
HPRegen  0.11/turn              c - ring of Gluttony {Str+6 Int+4}
MPRegen  0.10/turn              (no ring)

@: about to teleport
A: AC +5, unfitting armour, cold-blooded
a: no special abilities


You were on level 4 of the Dungeon.
You visited 1 branch of the dungeon, and saw 4 of its levels.

You collected 130 gold pieces.

Inventory:

Hand Weapons
 a - a +0 spectral short sword
Missiles
 g - 13 poisoned darts (quivered)
 i - 7 curare-tipped darts
Magical Staves
 d - a staff of poison
 j - a staff of cold (weapon)
Jewellery
 c - the ring of Gluttony (left hand) {Str+6 Int+4}
   (You acquired it on level 2 of the Dungeon)

   [ring of strength]

   It affects your strength (+6).
   It affects your intelligence (+4).
Scrolls
 b - a scroll of brand weapon
 f - a scroll of teleportation
 m - a scroll of identify
Potions
 e - a potion of resistance
 h - a potion of invisibility {unknown}
 k - a potion of ambrosia {unknown}
 l - a potion of lignification {unknown}


   Skills:
 + Level 1.5 Fighting
 + Level 1.2 Staves
 + Level 2.3 Dodging
 - Level 1.7 Stealth
 + Level 2.5 Spellcasting
 + Level 4.5 Conjurations
 + Level 1.1 Evocations


You had 5 spell levels left.
You knew the following spells:

 Your Spells              Type           Power      Damage    Failure   Level
a - Magic Dart            Conj           88%        1d7       1%          1
b - Searing Ray           Conj           44%        3d4       3%          2

Your spell library contained the following spells:

 Spells                   Type           Power      Damage    Failure   Level
 Dazzling Flash           Conj/Hex       24%        N/A       16%         3
 Fulminant Prism          Conj/Hex       6%         3d7       45%         4
 Iskenderun's Mystic Bla  Conj/Tloc      12%        2d5       45%         4


Dungeon Overview and Level Annotations

Branches:
Dungeon (4/15)
 Temple: D:4-7

Altars:
Ru


Innate Abilities, Weirdness & Mutations

Your plain brown scales are hard. (AC +5)
You cannot fit into any form of body armour.
You are cold-blooded and may be slowed by cold attacks.


Message History

a +0 short sword; an orc corpse
g - 11 poisoned darts (gained 1)
g - 12 poisoned darts (gained 1)
g - 15 poisoned darts (gained 3)
An orc comes into view.
It is wielding a +0 dagger of electrocution.
The orc shouts!
You see here a scroll of identify.
m - a scroll of identify An orc wizard comes into view.
It is wielding a +0 dagger.
The orc wizard shouts!
An orc comes into view. It is wielding a +0 short sword.
The orc wizard casts a spell at itself.
The orc wizard flickers and vanishes!
Deactivating autopickup; reactivate with Ctrl-A.
There is an open door here.
Things that are here:
a +0 short sword; an orc corpse Throw: 15 darts (poison)
Press: ? - help, Q - select action, (/) - cycle Shift-Dir - straight line, f - orc
Aim: an orc, wielding a +0 dagger of electrocution and wearing a +0 leather armour (54% to hit)
You throw a poisoned dart. The poisoned dart hits the orc.
Throw: 14 darts (poison)
Press: ? - help, Q - select action, (/) - cycle Shift-Dir - straight line, f/p - orc
Aim: an orc, wielding a +0 dagger of electrocution and wearing a +0 leather armour (54% to hit)
You throw a poisoned dart.
The poisoned dart barely misses the orc.
You closely miss the orc. The orc hits you but does no damage.
You are electrocuted!!
Ouch! That really hurt!
You hit the orc.
Your tail-slap misses the orc.
The orc is moderately wounded.
The orc hits you with a +0 dagger of electrocution.
You are electrocuted!
* * * LOW HITPOINT WARNING * * *
Okay, then.
As you read the scroll of teleportation, it crumbles to dust.
You feel strangely unstable. The orc hits you but does no damage.
You are electrocuted!!
Ouch! That really hurt!
You die...

## ...... #..### #.# #..
######..# ..... ..# #.?.
#.......## #..# ##.###
#....#........#####.#####....##
.................†......+.....#
#.........####.#####.....###
#.......#.##.......#........
..#.......#.##.......#........
...........({o@................
..............##.......##.##....
.?...#######...###.######.##....
o.... #.#.###.#....).......
..... #.#.......####.##.... ....
#.##.##...####.# ###
#.##.##........#
..#.......###### ##.....##


You could see an orc.

Vanquished Creatures
  A bullfrog skeleton (D:4)
  An adder (D:2)
  An adder skeleton (D:4)
  A worm (D:2)
  A dart slug (D:2)
  2 orcs
  4 bats
  5 endoplasms
  2 giant cockroaches
  6 goblins
  2 hobgoblins
  4 jackals
  4 kobolds
  2 quokkas
  2 ball pythons (D:1)
  A frilled lizard (D:3)
  A rat (D:2)
40 creatures vanquished.

Notes
Turn   | Place    | Note
-------+----------+-------------------------------------------
     0 | D:1      | lightspider the Draconian Conjurer began the quest for the
                  | Orb.
     0 | D:1      | Reached XP level 1. HP: 14/14 MP: 3/3
   181 | D:1      | Reached XP level 2. HP: 22/22 MP: 1/5
   920 | D:2      | Learned a level 2 spell: Searing Ray
  1235 | D:2      | Reached skill level 1 in Fighting
  1235 | D:2      | Reached XP level 3. HP: 19/28 MP: 0/6
  1706 | D:2      | Identified a scroll of acquirement
  1706 | D:2      | Acquired the ring of Gluttony {Str+6 Int+4}
  2127 | D:3      | Found a sacrificial altar of Ru.
  2281 | D:3      | Found a faded altar of an unknown god.
  2711 | D:4      | Reached skill level 1 in Staves
  2837 | D:4      | Reached skill level 1 in Evocations
  2837 | D:4      | Reached XP level 4. HP: 34/35 MP: 1/7
  2919 | D:4      | HP: 1/35 [orc/+0 dagger of electrocution (14)]
  2920 | D:4      | Demolished by an orc

Illustrated notes

Levels and vault maps discovered:
D:1:      ebering_trefoil_3fold, layout_basic, minmay_tiny_reverse_x
D:2:      layout_loops_ring, st_stairs_13
D:3:      layout_loops_ring, nicolae_overflow_crystal_walls,
          hellmonk_ecumenical_altar_heavens_door
D:4:      layout_basic

Skill      XL: |  1  2  3 |
---------------+----------+-----
Dodging        | 2 |  2.3
Fighting       | 1 |  1.5
Staves         | 1 |  1.2
Evocations     | 1 |  1.1
Stealth        | |  1.7
Spellcasting   | |  2.5
Conjurations   | |  4.5

Action                   |  1- 3 |  4- 6 || total
-------------------------+-------+-------++-------
Melee: Short sword       |    12 |       ||    12
       Tailslap          |     9 |       ||     9
       Staff             |    51 |     4 ||    55
Throw: Dart              |       |     7 ||     7
 Cast: Magic Dart        |    43 |       ||    43
       Searing Ray       |     9 |       ||     9
  Use: Potion            |     3 |       ||     3
       Scroll            |     5 |     1 ||     6
 Stab: Sleeping          |     2 |       ||     2
Armor: Skin              |    24 |     2 ||    26
Dodge: Dodged            |    51 |     1 ||    52

Table legend: (Time is in decaauts)
 A = Elapsed time spent in this place.
 B = Non-inter-level travel time spent in this place.
 C = Inter-level travel time spent in this place.
 D = Time resting spent in this place.
 E = Time spent auto-exploring this place.
 F = Levels seen in this place.
 G = Mean time per level.
                   A        B        C        D        E       F      G
               +--------+--------+--------+--------+--------+-----+--------+
         Total |   2910 |   2885 |     25 |    590 |   1737 |   4 |  727.5 |
       Dungeon |   2910 |   2885 |     25 |    590 |   1737 |   4 |  727.5 |
               +--------+--------+--------+--------+--------+-----+--------+

Top non-repeatable levels by time:
     D:2: 1130 daAuts
     D:3: 787 daAuts
     D:1: 645 daAuts
     D:4: 346 daAuts
